 Dungeon Crawl Stone Soup version 0.24-a0-235-g3f03afc (webtiles) character file.

Game seed: 12930786488887651163

559 Azzok the Insei (level 7, -28/43 HPs)
             Began as an Octopode Transmuter on Apr 6, 2019.
             Was an Initiate of Ashenzari.
             Annihilated by an ogre
             ... wielding a +0 giant spiked club
              (35 damage)
             ... on level 4 of the Dungeon.
             The game lasted 00:07:27 (5391 turns).

Azzok the Insei (Octopode Transmuter)               Turns: 5391, Time: 00:07:28

Health: -28/43     AC:  1    Str: 10    XL:     7   Next: 31%
Magic:  10/10      EV: 11    Int: 17    God:    Ashenzari [......]
Gold:   271        SH:  8    Dex: 12    Spells: 7/10 levels left

rFire    . . .     SeeInvis .     - Unarmed
rCold    . . .     Gourm    .   g - +0 shield
rNeg     . . .     Faith    .   (helmet restricted)
rPois    .         Spirit   .   (no amulet)
rElec    .         Reflect  .   j - ring of protection from magic
rCorr    .         Harm     .   (no ring)
MR       +....                  (no ring)
Stlth    ++........             (no ring)
HPRegen  0.14/turn              (no ring)
MPRegen  0.12/turn              (no ring)
                                (no ring)
                                (no ring)

@: appendage (expiring)
A: almost no armour, stealthy swim, amphibious, 8 rings, constrict 8, tentacle
spike 3, camouflage 1, gelatinous body 1
a: End Transformation, Curse Item, Renounce Religion


You were on level 4 of the Dungeon.
You worshipped Ashenzari.
Ashenzari was noncommittal.
You were not hungry.
One of your tentacles had a temporary spike.
You visited 1 branch of the dungeon, and saw 4 of its levels.

You collected 271 gold pieces.

Inventory:

Missiles
 a - 54 arrows
Armour
 g - a +0 shield (worn)
Jewellery
 e - a cursed ring of flight
 j - a ring of protection from magic (left tentacle)
Wands
 p - a wand of paralysis (8)
Scrolls
 d - 4 scrolls of identify {unknown}
 f - a scroll of fear {unknown}
 h - a scroll of fog {unknown}
 l - 2 scrolls of immolation {unknown}
 o - 3 scrolls of teleportation {unknown}
 q - a scroll of enchant weapon {unknown}
 r - a scroll of remove curse
Potions
 b - a potion of lignification {unknown}
 i - a potion of haste {unknown}
 k - a potion of magic {unknown}
 m - a potion of curing {unknown}
 n - a potion of brilliance {unknown}
 s - a potion of ambrosia {unknown}
Comestibles
 c - 8 rations
 t - 3 chunks of flesh


   Skills:
 - Level 1.0 Fighting
 - Level 2.0 Dodging
 + Level 3.7 Shields
 + Level 5.4 Unarmed Combat
 - Level 2.0 Spellcasting
 + Level 4.8 Transmutations


You had 7 spell levels left.
You knew the following spells:

 Your Spells              Type           Power        Failure   Level  Hunger
a - Beastly Appendage     Tmut           ###...       11%         1    #......
b - Sticks to Snakes      Tmut           ###.....     17%         2    ###....

Your spell library contained the following spells:

 Spells                   Type           Power        Failure   Level  Hunger
 Spider Form              Tmut/Pois      ##........   65%         3    ###....
 Ice Form                 Ice/Tmut       ##......     96%         4    #####..
 Blade Hands              Tmut           ###.......   97%         5    ######.


Dungeon Overview and Level Annotations

Branches:
Dungeon (4/15)
 Temple: D:4-7

Altars:
Ashenzari
Makhleb
Yredelemnul


Innate Abilities, Weirdness & Mutations

You cannot wear most types of armour.
You are very stealthy in the water. (Stealth+)
You are amphibious.
You can wear up to eight rings at the same time.
You can use your tentacles to constrict eight enemies at once.
Your skin changes colour to match your surroundings (Stealth+).
Your rubbery body absorbs attacks. (AC +1, EV +1)
One of your tentacles bears a large vicious spike.


Message History

You tentacle-slap the ogre.
The ogre is severely wounded.
You block the ogre's attack.
You tentacle-slap the ogre.
The ogre is severely wounded.
Your transformation is almost over.
You tentacle-slap the ogre.
You pierce the ogre, but do no damage.
The ogre is almost dead.
The ogre misses you.
You closely miss the ogre.
The ogre is almost dead.
The ogre hits you with a +0 giant spiked club!!
* * * LOW HITPOINT WARNING * * *
You barely miss the ogre.
Your tentacle spike misses the ogre.
The ogre is almost dead.
You tentacle-slap the ogre.
The ogre is almost dead.
The ogre hits you with a +0 giant spiked club!!
Ouch! That really hurt!
You die...

·············%▒
▒▒▒▒▒▒···
··············▒
▒········
··············▒
▒····▒·▒·
╬▒╬▒▒·····▒▒▒▒▒
▒▒········
▒·····▒
▒·····▒·▒·
▒▒·····▒▒▒
▒·········
▒········'·▒
▒·····▒▒·▒
▒▒▒▒·····▒O▒
▒·····▒▒·▒
▒·····▒@▒
▒·····▒▒·▒
▒·····▒·▒
▒·····▒▒·▒
▒▒▒▒▒▒▒·▒
▒▒▒▒'▒▒▒▒▒·▒
▒·▒ ▒····▒ ▒·▒
▒·▒▒·▒ ▒·▒
▒·▒▒·▒ ▒·▒
▒·▒▒·▒ ▒·▒
▒·▒▒·· ▒·▒
▒·▒▒▒▒


You could see an ogre.

Vanquished Creatures
  A bullfrog (D:3)
  A crimson imp (D:3)
  2 hounds (D:4)
  A bullfrog skeleton (D:2)
  3 orc priests
  An iguana (D:3)
  4 worker ants
  5 adders
  3 worms
  3 dart slugs
  3 leopard geckos
  9 orcs
  5 giant cockroaches
  8 goblins
  12 hobgoblins
  8 jackals
  4 quokkas
  8 bats
  5 frilled lizards
  9 kobolds
  9 rats
104 creatures vanquished.

Notes
Turn   | Place    | Note
-------+----------+-------------------------------------------
     0 | D:1      | Azzok the Octopode Transmuter began the quest for the Orb.
     0 | D:1      | Reached XP level 1. HP: 13/13 MP: 3/3
   266 | D:1      | Reached XP level 2. HP: 6/18 MP: 5/5
   661 | D:1      | Found a shattered altar of Ashenzari.
   810 | D:1      | Became a worshipper of Ashenzari the Shackled
   919 | D:1      | Reached XP level 3. HP: 23/23 MP: 6/6
  1905 | D:2      | Reached skill level 1 in Shields
  1905 | D:2      | Reached skill level 4 in Unarmed Combat
  1905 | D:2      | Reached XP level 4. HP: 9/28 MP: 5/7
  2116 | D:2      | Learned a level 2 spell: Sticks to Snakes
  2458 | D:2      | Reached XP level 5. HP: 23/33 MP: 8/8
  3231 | D:2      | Found a basalt altar of Yredelemnul.
  3893 | D:3      | Reached XP level 6. HP: 34/38 MP: 7/9
  4409 | D:3      | Reached skill level 5 in Unarmed Combat
  4929 | D:4      | Reached XP level 7. HP: 32/43 MP: 10/10
  5223 | D:4      | Found a burning altar of Makhleb.
  5391 | D:4      | Annihilated by an ogre

Levels and vault maps discovered:
D:1:      minmay_arrival_widening_spiral_narrow, layout_basic,
          evilmike_ruin_ashenzari
D:2:      cheibrodos_pilgrimage, layout_rooms, lemuel_coloured_pillars_altar,
          minmay_tall_x
D:3:      layout_basic
D:4:      layout_basic, overflow_temple_1_default, first_ration, serial_glass,
          glass_columns_a, glass_columns_a, item_on_display_a, feat_on_display

Skill      XL: |  1  2  3  4  5  6 |
---------------+-------------------+-----
Transmutations | 3 4 |  4.8
Shields        | 1 2 3 |  3.7
Unarmed Combat | 4 5 |  5.4
Fighting       | |  1.0
Dodging        | |  2.0
Spellcasting   | |  2.0

Action                   |  1- 3 |  4- 6 |  7- 9 || total
-------------------------+-------+-------+-------++-------
Melee: Unarmed           |    76 |   159 |    31 ||   266
       Constrict         |    23 |    41 |     5 ||    69
       Tentacles         |    12 |    26 |     4 ||    42
       Kick              |     2 |     7 |     6 ||    15
       Punch             |     1 |     3 |       ||     4
 Cast: Beastly Appendage |     2 |     3 |     2 ||     7
 Stab: Sleeping          |    12 |     5 |       ||    17
       Distracted        |       |     1 |       ||     1
  Eat: Chunk             |     3 |    10 |     1 ||    14
Armor: Skin              |     5 |    13 |     2 ||    20
Dodge: Dodged            |    35 |    60 |     8 ||   103
Block: Shield            |    10 |    47 |    13 ||    70

Table legend:
 A = Non-vault XP
 B = Vault XP
 C = Vault XP percentage of total XP
 D = Non-vault monster count
 E = Vault monster count
 F = Vault count percentage of total count
                 A         B        C        D         E       F
            +---------+---------+-------+---------+---------+-------
      Total |     738 |      61 |   7.6 |      94 |      10 |   9.6
            +---------+---------+-------+---------+---------+-------
        D:1 |      44 |      18 |  29.0 |      25 |       7 |  21.9
        D:2 |     145 |      43 |  22.9 |      33 |       3 |   8.3
        D:3 |     358 |       0 |   0.0 |      27 |       0 |   0.0
        D:4 |     191 |       0 |   0.0 |       9 |       0 |   0.0
            +---------+---------+-------+---------+---------+-------
